 Dungeon Crawl Stone Soup version 0.17.1-3-g152610e (webtiles) character file.

1808 Gargoyl the Covered (level 8, -4/62 HPs)
             Began as a Demonspawn Abyssal Knight on Apr 23, 2016.
             Was a Priest of Lugonu.
             Slain by an orc warrior
             ... wielding a +0 flail of holy wrath
              (5 damage)
             ... on level 6 of the Dungeon.
             The game lasted 00:16:49 (7168 turns).

Gargoyl the Covered (Demonspawn Abyssal Knight)     Turns: 7168, Time: 00:16:50

Health: -4/62      AC: 13    Str: 17    XL:     8   Next: 84%
Magic:  10/10      EV: 12    Int: 13    God:    Lugonu [***...]
Gold:   217        SH:  4    Dex: 15    Spells: 0 memorised, 7 levels left

rFire  . . .     SeeInvis .     B - +0 war axe
rCold  . . .     Clarity  .     a - +0 plate armour
rNeg   + . .     SustAt   .     u - +0 buckler
rPois  .         Gourm    .     (no helmet)
rElec  .         Spirit   .     (no cloak)
rCorr  .         Warding  .     (no gloves)
rMut   .         Stasis   .     (no boots)
MR     .....                    (no amulet)
Stlth  ..........               y - ring of positive energy
                                n - +5 ring of evasion (curse)

@: not resistant to hostile enchantments, extremely unstealthy
A: hooves 2, thin skeletal structure 1, breathe flames 1, strong 1
a: Depart the Abyss, Bend Space, Banish, Renounce Religion, Breathe Fire


You were on level 6 of the Dungeon.
You worshipped Lugonu.
Lugonu was most pleased with you.
You were not hungry.

You visited 1 branch of the dungeon, and saw 6 of its levels.
You visited the Abyss 1 time.

You collected 217 gold pieces.

Inventory:

Hand Weapons
 d - a +0 blowgun
 e - a +4 flail of protection
 B - a +0 war axe (weapon)
Missiles
 g - 7 tomahawks (quivered)
 q - 34 poisoned needles
Armour
 a - a +0 plate armour (worn)
 u - a +0 buckler (worn)
Magical Staves
 r - an uncursed staff of power
Jewellery
 n - a cursed +5 ring of evasion (left hand)
 y - a ring of positive energy (right hand)
 C - a cursed -3 ring of strength {unknown}
Scrolls
 h - a scroll of identify
 j - a scroll of remove curse {unknown}
 l - a scroll of noise {unknown}
 o - 3 scrolls of enchant weapon {unknown}
 p - a scroll of fog {unknown}
 s - 4 scrolls of magic mapping {unknown}
 x - a scroll of amnesia {unknown}
 z - a scroll of enchant armour {unknown}
Potions
 i - a potion of magic
 w - 2 potions of poison
Comestibles
 b - 3 meat rations
 c - 5 bread rations
 t - 2 slices of pizza
 v - a beef jerky


   Skills:
 + Level 5.3 Fighting
 + Level 4.6 Axes
 + Level 0.6 Throwing
 * Level 6.8 Armour
 + Level 4.3 Dodging
 + Level 1.0 Stealth
 + Level 1.8 Shields
 + Level 3.2 Invocations


You had 7 spell levels left.
You didn't know any spells.

Dungeon Overview and Level Annotations

Branches:
Dungeon (6/15)             Temple (0/1) D:6

Altars:
Dithmenos
Kikubaaqudgha
Nemelex Xobeh
Qazlal
Vehumet
Xom
The Shining One

Shops:
D:5 (

Annotations:
D:5 Crazy Yiuf


Innate Abilities, Weirdness & Mutations

You have hoof-like feet.
You have a somewhat thin skeletal structure (Dex +2, Stealth).
You can breathe flames.
Your muscles are strong. (Str +2)


Message History

You hit the orc warrior.
The orc warrior is lightly wounded.
You block the orc warrior's attack.
You barely miss the orc warrior.
The orc warrior is lightly wounded.
The orc warrior hits you with a flail of holy wrath!
You convulse!
You slash the orc warrior!
The orc warrior is heavily wounded.
The orc warrior hits you with a flail of holy wrath!
* * * LOW HITPOINT WARNING * * *
You convulse!
* * * LOW HITPOINT WARNING * * *
You closely miss the orc warrior.
You kick the orc warrior, but do no damage.
The orc warrior is heavily wounded.
The orc warrior hits you with a flail of holy wrath.
* * * LOW HITPOINT WARNING * * *
You convulse.
You die...

########.#
#..# #.#
#.##.##.#
.........#
#..# #.#
#..).##.#
##########
#..# #.#
#######.#
#..# #.# #.#
#..####.#
#.#
#.......#
#.#
##.######
#.#
#>##########
#.#
#...@oo.$...
############


You could see an orc warrior and an orc.

Vanquished Creatures
  Edmund (D:5)
  An orc warrior (D:5)
  Duvessa (D:5)
  2 sky beasts (D:6)
  An ogre (D:6)
  A phantom (D:4)
  A big kobold (D:4)
  3 giant frogs
  Dowan (D:5)
  A scorpion (D:4)
  A water moccasin skeleton (D:6)
  An iguana (D:5)
  A centaur zombie (D:6)
  4 hounds
  2 orc wizards
  3 worker ants
  A centaur skeleton (D:4)
  2 giant frog skeletons (D:4)
  4 orc priests
  3 hound skeletons
  A worker ant zombie (D:4)
  3 adders
  An adder zombie (D:5)
  2 worms
  A giant gecko (D:5)
  18 orcs
  3 bats
  2 giant cockroaches
  5 hobgoblins
  10 jackals
  5 quokkas
  A giant gecko skeleton (D:6)
  4 giant newts
  7 goblins
  10 kobolds
  6 rats
  A fungus (D:5)
  A plant (D:4)
116 creatures vanquished.

Vanquished Creatures (others)
  An orc priest (D:6)
  A giant cockroach (D:4)
  A fungus (D:5)
3 creatures vanquished.

Grand Total: 119 creatures vanquished

Notes
Turn   | Place    | Note
--------------------------------------------------------------
     0 | Abyss:1  | Gargoyl the Demonspawn Abyssal Knight began the quest for the Orb.
     0 | Abyss:1  | Reached XP level 1. HP: 18/18 MP: 2/2
    50 | Abyss:2  | Noticed an ancient zyme
    73 | Abyss:3  | Found a corrupted altar of Lugonu.
    84 | Abyss:3  | Found a corrupted altar of Lugonu.
   127 | Abyss:3  | Found a radiant altar of Vehumet.
   131 | Abyss:3  | Noticed a large abomination
   148 | Abyss:4  | Found a corrupted altar of Lugonu.
   183 | Abyss:4  | Noticed a neqoxec
   183 | Abyss:4  | Noticed a raiju
   187 | Abyss:4  | Noticed a raiju
   187 | D:1      | Escaped the Abyss
   785 | D:1      | Gained mutation: You have a somewhat thin skeletal structure (Dex +2, Stealth). [demonic ancestry]
   785 | D:1      | Reached XP level 2. HP: 16/24 MP: 3/3
   841 | D:1      | Reached * piety under Lugonu
  1203 | D:1      | Reached skill level 1 in Dodging
  1457 | D:2      | Reached XP level 3. HP: 29/29 MP: 5/5
  1457 | D:2      | Found a stormy altar of Qazlal.
  2163 | D:3      | Found a shadowy altar of Dithmenos.
  2165 | D:3      | Found a glowing golden altar of the Shining One.
  2166 | D:3      | Found a radiant altar of Vehumet.
  2166 | D:3      | Found a shimmering altar of Xom.
  2166 | D:3      | Found an ancient bone altar of Kikubaaqudgha.
  2463 | D:3      | Found a sparkling altar of Nemelex Xobeh.
  2504 | D:3      | Reached ** piety under Lugonu
  2647 | D:3      | Reached XP level 4. HP: 35/35 MP: 6/6
  2896 | D:4      | Reached XP level 5. HP: 36/41 MP: 7/7
  3332 | D:4      | Gained mutation: You have large cloven feet. [demonic ancestry]
  3332 | D:4      | Reached XP level 6. HP: 43/47 MP: 8/8
  3393 | D:4      | Reached skill level 4 in Armour
  3536 | D:4      | Noticed a big kobold
  3571 | D:4      | Killed a big kobold
  4168 | D:4      | Reached XP level 7. HP: 41/54 MP: 9/9
  4196 | D:4      | Noticed a phantom
  4304 | D:4      | Killed a phantom
  4304 | D:4      | Reached skill level 1 in Shields
  4602 | D:5      | Entered Level 5 of the Dungeon
  4641 | D:5      | Reached skill level 5 in Armour
  4749 | D:5      | Noticed Duvessa
  4750 | D:5      | Noticed Dowan
  4759 | D:5      | Gained mutation: Your body sometimes deteriorates upon taking damage. [potion of mutation]
  4759 | D:5      | Gained mutation: Your magical capacity is low (-10% MP). [potion of mutation]
  4759 | D:5      | Gained mutation: You are agile. (Dex +2) [potion of mutation]
  4764 | D:5      | Killed Duvessa
  4764 | D:5      | Reached *** piety under Lugonu
  4768 | D:5      | Killed Dowan
  5095 | D:5      | Found Ampezoys's Antique Weapon Shoppe.
  5181 | D:5      | Noticed Edmund
  5214 | D:5      | Gained mutation: You are dopey. (Int -2) [potion of mutation]
  5214 | D:5      | Gained mutation: Your muscles are strong. (Str +2) [potion of mutation]
  5245 | D:5      | Killed Edmund
  5551 | D:5      | Gained mutation: You have hoof-like feet. [demonic ancestry]
  5551 | D:5      | Reached XP level 8. HP: 54/61 MP: 9/9
  5766 | D:5      | Noticed Crazy Yiuf
  6023 | D:6      | Reached skill level 1 in Stealth
  6053 | D:6      | Found a staircase to the Ecumenical Temple.
  6147 | D:5      | Reached skill level 5 in Fighting
  6147 | D:5      | Reached skill level 6 in Armour
  6441 | D:6      | Gained mutation: You are covered in fur (AC +1). [mutagenic meat]
  6443 | D:6      | Gained mutation: You can breathe flames. [mutagenic meat]
  6444 | D:6      | Lost mutation: You are dopey. (Int -2) [mutagenic meat]
  6611 | D:6      | Lost mutation: You are agile. (Dex +2) [potion of cure mutation]
  6611 | D:6      | Lost mutation: Your magical capacity is low (-10% MP). [potion of cure mutation]
  6611 | D:6      | Lost mutation: You are covered in fur (AC +1). [potion of cure mutation]
  6611 | D:6      | Lost mutation: Your body sometimes deteriorates upon taking damage. [potion of cure mutation]
  7168 | D:6      | HP: 1/62 [orc warrior/flail of holy wrath (3)]
  7168 | D:6      | Slain by an orc warrior

Action                   |  1- 3 |  4- 6 |  7- 9 || total
-------------------------+-------+-------+-------++-------
Melee: Hand axe          |   138 |   224 |   212 ||   574
       War axe           |       |       |    86 ||    86
 Fire: Blowgun           |       |       |     5 ||     5
Invok: Depart the Abyss  |     1 |       |       ||     1
       Banish            |       |       |     1 ||     1
 Abil: Breathe Fire      |       |       |     2 ||     2
  Use: Scroll            |     4 |       |       ||     4
       Potion            |     1 |     1 |    14 ||    16
  Eat: Chunk             |     5 |     6 |     9 ||    20
       Fruit             |       |       |     3 ||     3
       Meat ration       |       |       |     1 ||     1
